[Event "ICC tourney 2523 (60 10)"]
[Site "Internet Chess Club"]
[Date "2021.04.17"]
[Round "2"]
[White "ADUSUMALLI, ANIRUDH SAI:Anichess2009"]
[Black "AL-SATI, HADI A:chsshd"]
[Result "1-0"]
[ICCResult "Black checkmated"]
[WhiteElo "855"]
[BlackElo "678"]
[Opening "Sicilian defense"]
[ECO "B30"]
[NIC "SI.31"]
[Time "13:16:46"]
[PlyCount "123"]
[TimeControl "3600+10"]

1. e4 c5 2. Nf3 Nc6 3. Bc4 d6 4. Nc3 Nf6 5. Bb5 g6 6. d4 Bd7 7. dxc5 dxc5
8. O-O Bg7 9. Bf4 a6 10. Bc4 O-O 11. h3 e6 12. Ne5 Nxe4 13. Nxc6 Nxc3 14.
Nxd8 Nxd1 15. Rfxd1 Raxd8 16. Bc7 Rc8 17. Rxd7 Bxb2 18. Rb1 Bg7 19. Rxb7 h5
20. Bd6 Rfe8 21. Bxa6 Ra8 22. Ra7 Rab8 23. Bxb8 Rxb8 24. Rab7 Ra8 25. Ra7
Rb8 26. Rdb7 Rd8 27. Rd7 Rb8 28. Rab7 Ra8 29. Rd6 Be5 30. Rdb6 Rd8 31. Bd3
c4 32. Bxc4 Rd1+ 33. Bf1 Bd4 34. Rd6 Bxf2+ 35. Kxf2 Rxd6 36. Rb8+ Kg7 37.
Rb5 f5 38. Kg3 Kh6 39. h4 g5 40. hxg5+ Kxg5 41. Rb4 e5 42. Kf3 h4 43. g3
hxg3 44. Kxg3 f4+ 45. Kf3 Kf5 46. Bd3+ Kg5 47. Rb5 Re6 48. Ke4 Kg4 49. Rxe5
Rxe5+ 50. Kxe5 f3 51. a4 Kg3 52. a5 f2 53. a6 Kf3 54. a7 Ke3 55. a8=Q f1=Q
56. Bxf1 Kd2 57. Qd5+ Kxc2 58. Qd3+ Kb2 59. Kd4 Ka1 60. Kc3 Ka2 61. Qc2+
Ka3 62. Qb3# { Black checkmated } 1-0

[Event "ICC tourney 2523 (60 10)"]
[Site "Internet Chess Club"]
[Date "2021.04.17"]
[Round "2"]
[White "Epelbaum, Shawn:ShawnE"]
[Black "GERA, NEIL C:neilgera"]
[Result "1/2-1/2"]
[ICCResult "Game drawn by mutual agreement"]
[WhiteElo "824"]
[BlackElo "721"]
[Opening "Queen's bishop game"]
[ECO "D02"]
[NIC "QP.08"]
[Time "13:16:48"]
[PlyCount "71"]
[TimeControl "3600+10"]

1. d4 d5 2. Nf3 Nf6 3. Bf4 Bf5 4. e3 e6 5. Bd3 Bd6 6. c3 Nc6 7. Ne5 Bxe5 8.
dxe5 Ne4 9. Nd2 Nxd2 10. Qxd2 Bxd3 11. Qxd3 O-O 12. h4 h6 13. O-O-O a6 14.
Rdg1 Qe7 15. g4 g6 16. g5 h5 17. Bh2 Qc5 18. b4 Qb6 19. f4 Ne7 20. e4 dxe4
21. Qxe4 Nf5 22. Bg3 Qe3+ 23. Qxe3 Nxe3 24. Bf2 Nf5 25. Rd1 Rfd8 26. Kc2 b6
27. Rd2 Rxd2+ 28. Kxd2 Rd8+ 29. Kc2 b5 30. Rd1 Rxd1 31. Kxd1 Kf8 32. Kd2
Ke7 33. Kd3 Kd7 34. c4 c6 35. a3 Kc7 36. c5 { Game drawn by mutual
agreement } 1/2-1/2

[Event "ICC tourney 2523 (60 10)"]
[Site "Internet Chess Club"]
[Date "2021.04.17"]
[Round "2"]
[White "BEAR, ASHWIN:ashwinb2012"]
[Black "CARDOSO, KARELY:RYCSKarely2010"]
[Result "1-0"]
[ICCResult "Black checkmated"]
[WhiteElo "912"]
[BlackElo "690"]
[Opening "Sicilian: Smith-Morra gambit"]
[ECO "B21"]
[NIC "SI.48"]
[Time "13:17:00"]
[PlyCount "63"]
[TimeControl "3600+10"]

1. e4 c5 2. d4 cxd4 3. Qxd4 Nc6 4. Qd1 Nf6 5. Nc3 d6 6. Nf3 g6 7. Bc4 Bg7
8. O-O O-O 9. Bf4 e5 10. Bg5 Bg4 11. h3 Bd7 12. Nd5 h6 13. Nxf6+ Bxf6 14.
Bxf6 Qxf6 15. Qd3 Rfe8 16. Rad1 Be6 17. Bxe6 Rxe6 18. Qb5 a6 19. Qxb7 Ra7
20. Qxc6 Qf4 21. Rxd6 Rae7 22. Rxe6 Rxe6 23. Qc8+ Kg7 24. Rd1 Rf6 25. Rd8
Re6 26. Rg8+ Kf6 27. Qd8+ Re7 28. Re8 Kg7 29. Qxe7 Qxe4 30. Rf8 h5 31.
Qxf7+ Kh6 32. Rh8# { Black checkmated } 1-0

[Event "ICC tourney 2523 (60 10)"]
[Site "Internet Chess Club"]
[Date "2021.04.17"]
[Round "2"]
[White "JONES, TAYLOR:WDSTJ1"]
[Black "MISCHLER, ELISE:SABHEMischler"]
[Result "0-1"]
[ICCResult "White checkmated"]
[WhiteElo "872"]
[BlackElo "614"]
[Opening "Queen's gambit declined"]
[ECO "D30"]
[NIC "QP.08"]
[Time "13:17:16"]
[PlyCount "68"]
[TimeControl "3600+10"]

1. d4 d5 2. c4 e6 3. e3 Nf6 4. Nc3 Be7 5. Nf3 O-O 6. Be2 b6 7. O-O Bb7 8.
Bd2 Nc6 9. c5 bxc5 10. dxc5 Bxc5 11. Qc2 g6 12. Bd3 d4 13. exd4 Bxd4 14.
Rad1 Nb4 15. Qb3 Nxd3 16. Qxb7 Nxf2 17. Rc1 Nd3+ 18. Kh1 Nxc1 19. Rxc1 Bxc3
20. Bxc3 Ng4 21. Qe4 Nf2+ 22. Kg1 Nxe4 23. h3 Nxc3 24. bxc3 c6 25. Ne5 Qb6+
26. Kh1 Qe3 27. Rg1 Qxe5 28. g3 Qe4+ 29. Kh2 Qc2+ 30. Kh1 Qxa2 31. Rg2 Qa1+
32. Rg1 Qxc3 33. h4 Qb3 34. g4 Qh3# { White checkmated } 0-1

[Event "ICC tourney 2523 (60 10)"]
[Site "Internet Chess Club"]
[Date "2021.04.17"]
[Round "2"]
[White "VADIVELU, SAM G:SGVChess"]
[Black "LI, JIAMING:MingMing59"]
[Result "1-0"]
[ICCResult "Black checkmated"]
[WhiteElo "821"]
[BlackElo "520"]
[Opening "Queen's pawn, Mason variation"]
[ECO "D00"]
[NIC "QP.08"]
[Time "13:16:53"]
[PlyCount "47"]
[TimeControl "3600+10"]

1. d4 d5 2. Bf4 Bf5 3. Nf3 Nc6 4. a3 e6 5. Nbd2 Bd6 6. e3 a6 7. c4 Nf6 8.
Ne5 Nxe5 9. dxe5 Bg4 10. Be2 Bxe5 11. Bxe5 Bxe2 12. Qxe2 Nd7 13. Bxg7 Rg8
14. Qg4 Ne5 15. Qg3 Nd3+ 16. Ke2 Nxb2 17. Qe5 Nxc4 18. Nxc4 dxc4 19. Bf6
Qd7 20. Rhd1 Qa4 21. Ra2 Qb3 22. Rdd2 c3 23. Qxc7 cxd2 24. Qe7# { Black
checkmated } 1-0

[Event "ICC tourney 2523 (60 10)"]
[Site "Internet Chess Club"]
[Date "2021.04.17"]
[Round "2"]
[White "Lee, Shan:Shanlee"]
[Black "SCHWEITZER, ANDREW HARRISON:mrandrew"]
[Result "1-0"]
[ICCResult "Black resigns"]
[WhiteElo "815"]
[BlackElo "448"]
[Opening "Scandinavian defense"]
[ECO "B01"]
[NIC "SD.03"]
[Time "13:16:53"]
[PlyCount "83"]
[TimeControl "3600+10"]

1. e4 d5 2. exd5 Nf6 3. Nc3 Nxd5 4. Nxd5 Qxd5 5. Qf3 Qxf3 6. Nxf3 Bg4 7.
Be2 Nc6 8. h3 Bf5 9. d3 e5 10. Be3 O-O-O 11. O-O-O Be7 12. g4 Bg6 13. d4
exd4 14. Nxd4 Nxd4 15. Rxd4 Rxd4 16. Bxd4 f6 17. Re1 Rd8 18. Bc3 b6 19.
Ba6+ Kd7 20. Rd1+ Ke8 21. Bb5+ Kf7 22. Rxd8 Bxd8 23. Kd2 Ke7 24. f4 Be8 25.
Bxe8 Kxe8 26. Ke3 Kf7 27. Ke4 c6 28. h4 g6 29. f5 gxf5+ 30. gxf5 h5 31. a4
a6 32. b4 b5 33. axb5 axb5 34. Bd4 Ke7 35. Bc5+ Kd7 36. c3 Bc7 37. Bd4 Bg3
38. Bxf6 Bxh4 39. Bxh4 Kd6 40. f6 Ke6 41. Kd4 Kd6 42. f7 { Black resigns }
1-0

[Event "ICC tourney 2523 (60 10)"]
[Site "Internet Chess Club"]
[Date "2021.04.17"]
[Round "2"]
[White "LUZGIN, ELISEY:Elisey2011"]
[Black "WEST, JACK:JWest139"]
[Result "0-1"]
[ICCResult "White checkmated"]
[WhiteElo "590"]
[BlackElo "821"]
[Opening "QGD: Marshall defense"]
[ECO "D06"]
[NIC "QP.08"]
[Time "13:16:34"]
[PlyCount "46"]
[TimeControl "3600+10"]

1. d4 d5 2. c4 Nf6 3. Nf3 Nc6 4. Nc3 dxc4 5. e3 e6 6. Bxc4 Bb4 7. a3 Bxc3+
8. bxc3 Bd7 9. O-O Qe7 10. a4 O-O-O 11. Ba3 Qe8 12. Rb1 h5 13. Qb3 Na5 14.
Qb2 Bxa4 15. Bb4 Nxc4 16. Qa2 Nb6 17. Ne5 h4 18. c4 h3 19. g3 Nh5 20. Bc5
f6 21. Bxb6 fxe5 22. Bxa7 Qc6 23. dxe5 Qg2# { White checkmated } 0-1

[Event "ICC tourney 2523 (60 10)"]
[Site "Internet Chess Club"]
[Date "2021.04.17"]
[Round "2"]
[White "MAK, OLIVER CHAN:Oliver1004"]
[Black "javeri, kiaan:kiaanj"]
[Result "0-1"]
[ICCResult "White checkmated"]
[WhiteElo "736"]
[BlackElo "938"]
[Opening "Van't Kruijs opening"]
[ECO "A00"]
[Time "13:16:35"]
[PlyCount "76"]
[TimeControl "3600+10"]

1. e3 e5 2. Nf3 Nc6 3. d4 e4 4. Ne5 Be7 5. Nc3 d5 6. Bb5 Bd7 7. b3 Nxe5 8.
Bxd7+ Nxd7 9. Nxd5 Ndf6 10. Nc3 Bb4 11. Bb2 Ne7 12. a3 Bxc3+ 13. Bxc3 O-O
14. h3 Ned5 15. Bb2 Qd6 16. O-O Rfe8 17. c4 Ne7 18. d5 c6 19. Qd2 cxd5 20.
cxd5 Qxd5 21. Qc3 Rac8 22. Qb4 Nc6 23. Qxb7 Rb8 24. Qa6 Nd7 25. Rfd1 Qe6
26. Qa4 Nc5 27. Qc4 Qxc4 28. bxc4 Rxb2 29. Rd5 Nd3 30. f3 exf3 31. Rxd3
Rxg2+ 32. Kf1 Ne5 33. Rd4 f6 34. Rf4 Rd8 35. c5 Rdd2 36. e4 Rdf2+ 37. Ke1
Nd3+ 38. Kd1 Rg1# { White checkmated } 0-1

[Event "ICC tourney 2523 (60 10)"]
[Site "Internet Chess Club"]
[Date "2021.04.17"]
[Round "2"]
[White " TAM, EPHRAIM:EphraimT204"]
[Black "QUINONES, MADELYN:rycsMadelyn"]
[Result "1-0"]
[ICCResult "Black checkmated"]
[WhiteElo "836"]
[BlackElo "600"]
[Opening "Réti opening"]
[ECO "A04"]
[NIC "QP.10"]
[Time "13:16:38"]
[PlyCount "71"]
[TimeControl "3600+10"]

1. Nf3 c5 2. g3 Nc6 3. Bg2 g6 4. O-O Nf6 5. Re1 Bg7 6. d3 d5 7. Nbd2 O-O 8.
e4 e6 9. exd5 Nxd5 10. c4 Nc7 11. Ne4 b6 12. Bg5 f6 13. Be3 g5 14. h3 f5
15. Bxg5 Ne7 16. Ned2 Bxb2 17. Rb1 Bd4 18. Nxd4 Rb8 19. Nb5 Qxd3 20. Nxc7
Ng6 21. Nxe6 Bxe6 22. Rxe6 f4 23. gxf4 Nxf4 24. Bxf4 Rxf4 25. Re3 Qf5 26.
Rg3+ Kh8 27. Rf3 Rxf3 28. Qxf3 Qg5 29. Rd1 Rd8 30. Qc3+ Rd4 31. Nf3 Qf4 32.
Nxd4 cxd4 33. Qxd4+ Qf6 34. Qxf6+ Kg8 35. Rd7 h6 36. Qd8# { Black
checkmated } 1-0

[Event "ICC tourney 2523 (60 10)"]
[Site "Internet Chess Club"]
[Date "2021.04.17"]
[Round "2"]
[White "yim, zachery Austin:KingZacAttack"]
[Black "ESTRADA, ELIJAH:aw3some-elijah2"]
[Result "0-1"]
[ICCResult "White checkmated"]
[WhiteElo "777"]
[BlackElo "395"]
[Opening "Queen's pawn game"]
[ECO "D00"]
[NIC "QP.07"]
[Time "13:16:40"]
[PlyCount "72"]
[TimeControl "3600+10"]

1. d4 Nf6 2. Nc3 d5 3. Bf4 e6 4. e3 Bb4 5. Bd3 c5 6. a3 Bxc3+ 7. bxc3 c4 8.
Be2 Nc6 9. f3 O-O 10. e4 dxe4 11. fxe4 Nxe4 12. Bxc4 Nxc3 13. Qd3 Qxd4 14.
Qxd4 Nxd4 15. Bd3 Rd8 16. Bc7 Rd5 17. Ba5 Rxa5 18. Nh3 e5 19. O-O e4 20.
Bc4 Bxh3 21. Bxf7+ Kh8 22. gxh3 e3 23. Rae1 Nxc2 24. Rc1 Ne2+ 25. Kg2 Nxc1
26. Rxc1 e2 27. Kf2 Re5 28. Rxc2 e1=Q+ 29. Kg2 Qe4+ 30. Kg3 Qxc2 31. a4
Qxa4 32. h4 Re3+ 33. Kf2 Qf4+ 34. Kg2 Qxf7 35. Kg1 Qg6+ 36. Kf1 Rf8# {
White checkmated } 0-1

[Event "ICC tourney 2523 (60 10)"]
[Site "Internet Chess Club"]
[Date "2021.04.17"]
[Round "2"]
[White "bhargava, saarth:bsaarth"]
[Black "PINSKER, FLORENTINO:TinoPps281"]
[Result "1-0"]
[ICCResult "Black checkmated"]
[WhiteElo "247"]
[BlackElo "773"]
[Opening "King's pawn game"]
[ECO "C50"]
[NIC "IG.03"]
[Time "13:16:36"]
[PlyCount "97"]
[TimeControl "3600+10"]

1. e4 e5 2. Nf3 Nc6 3. Bc4 h6 4. c3 Nf6 5. d3 Bc5 6. O-O d6 7. h3 g5 8. Re1
Rg8 9. d4 exd4 10. cxd4 Bb4 11. Nc3 g4 12. e5 dxe5 13. dxe5 Nh5 14. Qxd8+
Nxd8 15. hxg4 Rxg4 16. Bb3 Nf4 17. Bxf4 Rxf4 18. a3 Be7 19. Nd5 Ne6 20.
Nxf4 Nxf4 21. Rad1 Bd7 22. Bxf7+ Kxf7 23. Rxd7 Rd8 24. Rxc7 Nd3 25. Rd1 h5
26. Ng5+ Ke8 27. Nh7 Bh4 28. Nf6+ Kf8 29. g3 Bg5 30. Rc3 Bxf6 31. exf6 Re8
32. Rcxd3 Kf7 33. Rf3 b5 34. Rd7+ Ke6 35. f7 Rf8 36. Rxa7 Ke5 37. Re7+ Kd6
38. Re8 Rxe8 39. fxe8=Q b4 40. axb4 Kd5 41. Qxh5+ Kc4 42. Qe5 Kxb4 43. Qc3+
Ka4 44. Rf4+ Kb5 45. Qe5+ Kc6 46. Rf6+ Kd7 47. Qe6+ Kc7 48. Rf7+ Kd8 49.
Qd7# { Black checkmated } 1-0

[Event "ICC tourney 2523 (60 10)"]
[Site "Internet Chess Club"]
[Date "2021.04.17"]
[Round "2"]
[White "Dela Luna-buder, Johann:JohannLuna"]
[Black "MISCHLER, HEIDI:SABHHMischler"]
[Result "0-1"]
[ICCResult "White checkmated"]
[WhiteElo "640"]
[BlackElo "831"]
[Opening "QGD: semi-Slav"]
[ECO "D31"]
[NIC "SL.06"]
[Time "13:16:45"]
[PlyCount "152"]
[TimeControl "3600+10"]

1. d4 d5 2. c4 e6 3. Nc3 c6 4. Nf3 Bb4 5. Bd2 Nf6 6. e3 O-O 7. Bd3 Bd7 8.
O-O c5 9. cxd5 exd5 10. Re1 Nc6 11. a3 Bxc3 12. bxc3 Rc8 13. Qc2 c4 14. Bf5
Bxf5 15. Qxf5 Ne7 16. Qc2 Ng6 17. Rad1 Re8 18. h3 Ne4 19. Rb1 b6 20. Rbd1
Nh4 21. Nxh4 Qxh4 22. Bc1 h6 23. Rf1 b5 24. a4 a6 25. axb5 axb5 26. Ba3 Qg5
27. Rde1 Re6 28. Qc1 Rce8 29. Re2 Rg6 30. f4 Qf5 31. Bb4 Ng3 32. Ree1 Nxf1
33. Rxf1 Qd3 34. Re1 Qf5 35. Bd6 Rxd6 36. Qd2 Rg6 37. Qe2 Kh8 38. g4 Qe4
39. Qf2 h5 40. g5 f6 41. h4 fxg5 42. hxg5 Qf5 43. Qh2 Qg4+ 44. Kh1 Qf3+ 45.
Kg1 Qg4+ 46. Kh1 Qf3+ 47. Kg1 Rxe3 48. Rxe3 Qxe3+ 49. Kh1 Qf3+ 50. Kg1 Qd1+
51. Kg2 Qe2+ 52. Kg3 Qe3+ 53. Kg2 Qd2+ 54. Kh1 Qxh2+ 55. Kxh2 Re6 56. Kg3
Kh7 57. Kh4 Kg6 58. Kg3 Kf5 59. Kf3 h4 60. Kg2 Kxf4 61. Kh3 Kxg5 62. Kg2
Kf4 63. Kh3 Ke3 64. Kxh4 Kd3 65. Kg5 Kxc3 66. Kf5 Rf6+ 67. Kg5 Rf3 68. Kg4
Rf8 69. Kg5 b4 70. Kg6 b3 71. Kxg7 Rf2 72. Kg6 b2 73. Kg5 b1=Q 74. Kg4 Qg6+
75. Kh3 Rf5 76. Kh4 Rh5# { White checkmated } 0-1

[Event "ICC tourney 2523 (60 10)"]
[Site "Internet Chess Club"]
[Date "2021.04.17"]
[Round "2"]
[White "Leese, Harrison R:msleese"]
[Black "WHELCHEL, EVAN:Ewhelchel"]
[Result "0-1"]
[ICCResult "White checkmated"]
[WhiteElo "613"]
[BlackElo "855"]
[Opening "Caro-Kann defense"]
[ECO "B10"]
[NIC "CK.01"]
[Time "13:16:34"]
[PlyCount "130"]
[TimeControl "3600+10"]

1. e4 c6 2. Nf3 d5 3. exd5 cxd5 4. Bb5+ Nc6 5. O-O Nf6 6. d4 g6 7. Nc3 Bg7
8. Ne5 Bd7 9. Bg5 O-O 10. Bxf6 Bxf6 11. Nxd7 Qxd7 12. Qf3 Bxd4 13. Qxd5
Qxd5 14. Nxd5 Bxb2 15. Rad1 Bg7 16. Bxc6 bxc6 17. Nxe7+ Kh8 18. Nxc6 Bf6
19. Nd4 Rac8 20. Nf3 Rxc2 21. a3 Ra2 22. Rd3 Re8 23. Re1 Rxe1+ 24. Nxe1 Ra1
25. Re3 Bb2 26. h3 Bxa3 27. Kh2 Bc5 28. Re8+ Kg7 29. Nf3 Bxf2 30. Re2 Bb6
31. Nd2 Ra2 32. Kg3 Ba5 33. Kf3 Rxd2 34. Rxd2 Bxd2 35. Ke4 Ba5 36. Kd5 Bb6
37. Kc6 f5 38. Kd5 Kf6 39. Kc4 h5 40. Kd3 g5 41. Ke2 g4 42. hxg4 fxg4 43.
Kf1 Kg5 44. g3 h4 45. Kg2 hxg3 46. Kxg3 a5 47. Kg2 Bg1 48. Kxg1 a4 49. Kf1
a3 50. Ke1 a2 51. Kf2 a1=Q 52. Kg3 Qa3+ 53. Kf2 Qf8+ 54. Kg3 Qf4+ 55. Kg2
Qf3+ 56. Kh2 Qh3+ 57. Kg1 Qa3 58. Kg2 g3 59. Kg1 g2 60. Kh2 g1=Q+ 61. Kxg1
Qf3 62. Kh2 Qg4 63. Kh1 Kf4 64. Kh2 Kf3 65. Kh1 Qg2# { White checkmated }
0-1

[Event "ICC tourney 2523 (60 10)"]
[Site "Internet Chess Club"]
[Date "2021.04.17"]
[Round "2"]
[White "LODISH, NOAH JACOB:NoahJacob"]
[Black "RODRIGUEZ, ANTHONY LORENZO:PlanetAntMan"]
[Result "1-0"]
[ICCResult "Black checkmated"]
[WhiteElo "803"]
[BlackElo "579"]
[Opening "Giuoco Piano: Greco's attack"]
[ECO "C54"]
[NIC "IG.02"]
[Time "13:16:48"]
[PlyCount "85"]
[TimeControl "3600+10"]

1. e4 e5 2. Nf3 Nc6 3. Bc4 Bc5 4. c3 Nf6 5. d4 exd4 6. cxd4 Bb4+ 7. Nc3 O-O
8. e5 Ne4 9. Qb3 Bxc3+ 10. bxc3 d6 11. Ba3 Re8 12. Bxf7+ Kf8 13. Bxe8 Qxe8
14. O-O Bg4 15. exd6 cxd6 16. c4 Bxf3 17. Qxf3+ Kg8 18. Rfe1 Nxd4 19. Qxe4
Qxe4 20. Rxe4 Nc2 21. Rd1 Nxa3 22. Rxd6 Rf8 23. Rd7 h6 24. Rxb7 Rd8 25. g3
a5 26. c5 Rc8 27. c6 Rxc6 28. Re8+ Kh7 29. Ra7 Nc4 30. Ree7 Rg6 31. Rec7
Na3 32. Rxa5 Nb1 33. a4 Rg4 34. Raa7 Nd2 35. a5 Nb3 36. a6 Rg6 37. Ra8 Rxa6
38. Rxa6 Nd4 39. Raa7 Nf5 40. g4 Nd6 41. Rxg7+ Kh8 42. Rgd7 Nc8 43. Rd8# {
Black checkmated } 1-0

[Event "ICC tourney 2523 (60 10)"]
[Site "Internet Chess Club"]
[Date "2021.04.17"]
[Round "2"]
[White "SIMMONS, ZION:ZionSimmons"]
[Black "DAWDA, MAADHAV:maadhavd"]
[Result "1-0"]
[ICCResult "Black checkmated"]
[WhiteElo "987"]
[BlackElo "707"]
[Opening "Giuoco Piano: four knights variation"]
[ECO "C55"]
[NIC "IG.01"]
[Time "13:16:48"]
[PlyCount "153"]
[TimeControl "3600+10"]

1. e4 e5 2. Nf3 Nc6 3. Bc4 Nf6 4. Nc3 Bc5 5. O-O O-O 6. d3 h6 7. Bd2 d6 8.
h3 Be6 9. Bxe6 fxe6 10. Qe2 Nd4 11. Nxd4 Bxd4 12. Be3 Bxc3 13. bxc3 c5 14.
Rad1 b6 15. Qf3 Nd5 16. Qg3 Nxe3 17. fxe3 Qe7 18. Qe1 Rxf1+ 19. Qxf1 Rf8
20. Qe2 Qg5 21. d4 cxd4 22. exd4 exd4 23. cxd4 Qg6 24. d5 e5 25. c4 Rf4 26.
Re1 Rh4 27. Qf3 Rf4 28. Qe3 Qf6 29. Qg3 Qg5 30. Qxg5 hxg5 31. Re3 Kh7 32.
Kh2 Rf2 33. Ra3 a5 34. Rb3 Rxa2 35. Rxb6 a4 36. Rxd6 a3 37. Rb6 Rb2 38. Ra6
a2 39. d6 Rb6 40. Rxa2 Rxd6 41. Rc2 Rc6 42. Kg3 Kg6 43. Kg4 Kf6 44. h4 gxh4
45. Kxh4 Ke7 46. Kg5 Kd8 47. Kf5 Ke7 48. Kxe5 Re6+ 49. Kf4 Kf6 50. c5 g5+
51. Ke3 Rc6 52. Kd4 Ke6 53. e5 Rc8 54. Rf2 Rd8+ 55. Ke4 Kd7 56. Rd2+ Ke7
57. Rxd8 Kxd8 58. Kf5 Ke8 59. Kxg5 Ke7 60. g4 Ke6 61. c6 Kxe5 62. c7 Kd4
63. c8=Q Kd5 64. Qd7+ Kc5 65. Kf6 Kc4 66. Qd6 Kc3 67. Qd5 Kc2 68. Qd4 Kb3
69. Qc5 Ka4 70. Qb6 Ka3 71. Qb5 Ka2 72. Qb4 Ka1 73. g5 Ka2 74. g6 Ka1 75.
g7 Ka2 76. g8=Q+ Ka1 77. Qa8# { Black checkmated } 1-0

[Event "ICC tourney 2523 (60 10)"]
[Site "Internet Chess Club"]
[Date "2021.04.17"]
[Round "2"]
[White "EPPEL, NATHAN:NathanE42"]
[Black "LINGAMANENI, SRIKAR:srikarl99"]
[Result "0-1"]
[ICCResult "White checkmated"]
[WhiteElo "961"]
[BlackElo "744"]
[Opening "Scotch game"]
[ECO "C45"]
[NIC "SO.05"]
[Time "13:16:49"]
[PlyCount "58"]
[TimeControl "3600+10"]

1. e4 e5 2. Nf3 Nc6 3. d4 exd4 4. Nxd4 Bc5 5. Nxc6 bxc6 6. Bc4 Ne7 7. O-O
O-O 8. e5 d5 9. Bd3 Ng6 10. Nc3 Nxe5 11. Bxh7+ Kxh7 12. Qh5+ Kg8 13. Qxe5
Re8 14. Qg3 Qf6 15. Qxc7 Re1 16. Be3 Rxf1+ 17. Rxf1 Bd6 18. Qxc6 Bxh2+ 19.
Kxh2 Qxc6 20. Kg1 Qg6 21. Nxd5 Kh7 22. Nf4 Qxc2 23. Kh2 Qc7 24. Rh1 Kg8 25.
Kg1 Qd7 26. Kh2 Bb7 27. Kg1 g5 28. Nh3 Qd5 29. Rh2 Qd1# { White checkmated
} 0-1

[Event "ICC tourney 2523 (60 10)"]
[Site "Internet Chess Club"]
[Date "2021.04.17"]
[Round "2"]
[White "FITZPATRICK, CONNOR:Savethegoats"]
[Black "ADAMS, CAITLIN ALA-TOH S:kyrgyzcait"]
[Result "1-0"]
[ICCResult "Black checkmated"]
[WhiteElo "275"]
[BlackElo "802"]
[Opening "French: advance, Nimzovich system"]
[ECO "C00"]
[NIC "FR.01"]
[Time "13:16:36"]
[PlyCount "57"]
[TimeControl "3600+10"]

1. e4 e6 2. Nf3 d5 3. e5 c5 4. d4 Nc6 5. dxc5 Bxc5 6. Bb5 Qb6 7. Bd3 Bxf2+
8. Kf1 f5 9. Qd2 Bc5 10. Nc3 Nh6 11. Na4 Qc7 12. Nxc5 b6 13. Na6 Qf7 14.
Ng5 Qg6 15. Nc7+ Kd8 16. Nxa8 Nxe5 17. Bb5 Rf8 18. Nxh7 Qxh7 19. Qg5+ Rf6
20. Bf4 Nhf7 21. Qg3 Rg6 22. Qc3 Ke7 23. Qc7+ Bd7 24. Bxe5 Nxe5 25. Re1 Qh5
26. Rxe5 Qd1+ 27. Re1 Qg4 28. Qxd7+ Kf8 29. Qe8# { Black checkmated } 1-0

[Event "ICC tourney 2523 (60 10)"]
[Site "Internet Chess Club"]
[Date "2021.04.17"]
[Round "2"]
[White "CHEN, LUKE:lukeychen"]
[Black "WILSON, HANSEN:LionsHansenW"]
[Result "1-0"]
[ICCResult "Black checkmated"]
[WhiteElo "340"]
[BlackElo "805"]
[Opening "Two knights defense"]
[ECO "C55"]
[NIC "IG.01"]
[Time "13:16:25"]
[PlyCount "93"]
[TimeControl "3600+10"]

1. e4 e5 2. Nf3 Nc6 3. Bc4 Nf6 4. O-O d6 5. h3 d5 6. exd5 Nxd5 7. Bxd5 Qxd5
8. Nc3 Qd8 9. d3 Bb4 10. Bd2 Bf5 11. Bg5 Qd7 12. Qe2 f6 13. Bh4 Qd6 14. Nb5
Qd7 15. Qe3 O-O-O 16. Nxa7+ Nxa7 17. Qxa7 c6 18. Qa8+ Kc7 19. Qa4 Bc5 20.
Qa5+ Bb6 21. Qb4 g5 22. Bg3 c5 23. Qc4 h5 24. h4 gxh4 25. Bxh4 Rhg8 26.
Bxf6 Kc8 27. Bxd8 Kxd8 28. Qxg8+ Kc7 29. Nxe5 Qd4 30. Qf7+ Bd7 31. Rfe1 c4
32. Qxc4+ Kd8 33. Nc6+ Kc8 34. Nxd4+ Kb8 35. Nb5 h4 36. Qg8+ Bc8 37. g3
hxg3 38. Rf1 gxf2+ 39. Rxf2 Bxf2+ 40. Kxf2 b6 41. Qg3+ Kb7 42. Qc7+ Ka6 43.
Qa7+ Kxb5 44. c4+ Kc5 45. a3 Bf5 46. Qc7+ Kd4 47. Qd6# { Black checkmated }
1-0

[Event "ICC tourney 2523 (60 10)"]
[Site "Internet Chess Club"]
[Date "2021.04.17"]
[Round "2"]
[White "Miner, Julian:julianminer"]
[Black "MARCAL, DAVID:BirchDavidM"]
[Result "0-1"]
[ICCResult "White checkmated"]
[WhiteElo "236"]
[BlackElo "757"]
[Opening "Queen's pawn"]
[ECO "A40"]
[NIC "QO.17"]
[Time "13:16:30"]
[PlyCount "140"]
[TimeControl "3600+10"]

1. d4 e6 2. Bf4 d5 3. Nf3 c5 4. dxc5 Bxc5 5. Nc3 Nf6 6. Be3 Bb6 7. Bxb6
axb6 8. e3 Nc6 9. Bb5 Bd7 10. Ng5 Qe7 11. O-O e5 12. Nxd5 Nxd5 13. Qxd5 Qc5
14. Qxf7+ Kd8 15. Qb3 e4 16. Nxe4 Qe5 17. Qd3 Qe7 18. Nc3 Ne5 19. Qe4 Bxb5
20. Nxb5 Nc6 21. Qd3+ Qd7 22. Qe4 Na5 23. Qe5 Nc4 24. Rfd1 Nxe5 25. Rxd7+
Nxd7 26. Rd1 Rxa2 27. Nc3 Rxb2 28. Na4 Rxc2 29. f3 Kc8 30. e4 Ne5 31. Nxb6+
Kb8 32. Nd7+ Nxd7 33. Rxd7 Rc7 34. Rd1 Kc8 35. f4 Rd8 36. Rxd8+ Kxd8 37.
Kf2 Rc3 38. Ke2 Kd7 39. Kd2 Rc5 40. Ke3 Kd6 41. Kf3 Rc4 42. Kg4 Rxe4 43.
Kf5 Re6 44. Kg4 Kd5 45. f5 Rf6 46. h3 Ke5 47. h4 Rxf5 48. Kg3 Rf4 49. Kh2
Kf5 50. h5 Kg5 51. h6 Kxh6 52. g3 Rf5 53. g4 Rf6 54. Kh3 Kg6 55. Kh4 Rf4
56. Kh3 Kg5 57. Kg3 Rxg4+ 58. Kf3 Kf5 59. Ke3 Rf4 60. Kd3 Re4 61. Kc3 Ke5
62. Kc2 Kd4 63. Kd1 Re3 64. Kc1 Kd3 65. Kb1 Re2 66. Kc1 Rd2 67. Kb1 Rc2 68.
Ka1 Kc3 69. Kb1 Kb3 70. Ka1 Rc1# { White checkmated } 0-1

[Event "ICC tourney 2523 (60 10)"]
[Site "Internet Chess Club"]
[Date "2021.04.17"]
[Round "2"]
[White "Owusu-Boakye, Kwame:KwamzChess"]
[Black "MONSUR, NIRVANA:nirvana2020"]
[Result "1-0"]
[ICCResult "Black checkmated"]
[WhiteElo "713"]
[BlackElo "915"]
[Opening "Scotch game"]
[ECO "C45"]
[NIC "SO.04"]
[Time "13:16:53"]
[PlyCount "55"]
[TimeControl "3600+10"]

1. e4 e5 2. Nf3 Nc6 3. d4 exd4 4. Nxd4 Ne5 5. Nc3 Bc5 6. Bc4 a6 7. O-O Nxc4
8. Nf5 Qf6 9. Nd5 Qc6 10. Nxg7+ Kf8 11. Nf5 d6 12. Nfe7 Nxe7 13. Bh6+ Ke8
14. Nxe7 Kxe7 15. Qh5 Rg8 16. Bg5+ Kf8 17. Qh6+ Ke8 18. Bf6 Be6 19. Qxh7
Kd7 20. Rad1 d5 21. exd5 Bxd5 22. Qxf7+ Kc8 23. Qxg8+ Kd7 24. Rxd5+ Nd6 25.
Qf7+ Kc8 26. Qf8+ Kd7 27. Qe7+ Kc8 28. Qd8# { Black checkmated } 1-0

[Event "ICC tourney 2523 (60 10)"]
[Site "Internet Chess Club"]
[Date "2021.04.17"]
[Round "2"]
[White "KARSTEN, ROWAN BRACK:RowanTheAwesome"]
[Black "LANKIPALLE, RUTHVIKARAO:ruthvikal"]
[Result "0-1"]
[ICCResult "White resigns"]
[WhiteElo "786"]
[BlackElo "567"]
[Opening "Sicilian"]
[ECO "B50"]
[NIC "SI.01"]
[Time "13:16:34"]
[PlyCount "60"]
[TimeControl "3600+10"]

1. e4 c5 2. Nf3 d6 3. Nc3 Nf6 4. Bb5+ Bd7 5. Bxd7+ Nbxd7 6. d4 cxd4 7. Qxd4
g6 8. Nd5 Bg7 9. Bg5 O-O 10. Bxf6 Nxf6 11. Qd3 Nxd5 12. exd5 Bxb2 13. Rb1
Qa5+ 14. Nd2 Bc3 15. Rb3 Rac8 16. Ke2 Bxd2 17. Qxd2 Qxa2 18. Rc3 Rxc3 19.
Qxc3 Qxd5 20. Qc7 Qxg2 21. Rb1 Qxh2 22. Rxb7 Qe5+ 23. Kf1 a5 24. Ra7 Qb5+
25. Kg2 Qd5+ 26. Kf1 Qd1+ 27. Kg2 Qd5+ 28. Kf1 Ra8 29. Rxa8+ Qxa8 30. Qxe7
a4 { White resigns } 0-1